 Dungeon Crawl Stone Soup version 0.18.1-48-g4cf74bf (webtiles) character file.

704 Heedrag the Destroyer (level 7, -3/36 HPs)
             Began as a Deep Elf Conjurer on Aug 4, 2016.
             Slain by a gnoll sergeant
             ... wielding a +5 spear of venom
              (11 damage)
             ... on level 5 of the Dungeon.
             The game lasted 00:08:15 (3642 turns).

Heedrag the Destroyer (Deep Elf Conjurer)           Turns: 3642, Time: 00:08:16

Health: -3/36      AC:  3    Str:  7    XL:     7   Next: 39%
Magic:  2/18       EV:  8    Int: 20    God:
Gold:   166        SH:  0    Dex: 15    Spells: 4 memorised, 6 levels left

rFire  . . .     SeeInvis .     d - +0 spear
rCold  . . .     Gourm    .     a - +0 robe
rNeg   . . .     Faith    .     (no shield)
rPois  .         Spirit   .     (no helmet)
rElec  .         Dismiss  .     (no cloak)
rCorr  .         Reflect  .     t - +0 pair of gloves
SustAt .         Harm     .     (no boots)
MR     .....                    (no amulet)
Stlth  ++........               (no ring)
                                (no ring)

@: lethally poisoned (-3 -> -5), very slightly contaminated, not resistant to
hostile enchantments, unstealthy
A: no striking features
a: no special abilities


You were on level 5 of the Dungeon.
You were very hungry.

You visited 1 branch of the dungeon, and saw 5 of its levels.

You collected 166 gold pieces.

Inventory:

Hand Weapons
 d - a +0 spear (weapon)
Armour
 a - a +0 robe (worn)
 t - a +0 pair of gloves (worn)
Jewellery
 w - an uncursed ring of fire
Wands
 m - a wand of lightning (8/15)
 p - a wand of acid (4/15)
Scrolls
 g - 3 scrolls of blinking {unknown}
 h - 3 scrolls of identify {unknown}
 i - 3 scrolls of random uselessness {unknown}
 l - 2 scrolls of enchant armour {unknown}
 n - a scroll of fear {unknown}
 r - 2 scrolls of teleportation {unknown}
 u - a scroll of immolation {unknown}
 x - a scroll of amnesia {unknown}
Potions
 e - a potion of brilliance {unknown}
 f - a potion of degeneration {unknown}
 j - a potion of mutation {unknown}
 k - a potion of curing {unknown}
Books
 b - a book of Conjurations

   Spells                             Type                      Level
   a - Magic Dart                     Conjuration                  1
   b - Searing Ray                    Conjuration                  2
   c - Dazzling Spray                 Conjuration/Hexes            3
   d - Fulminant Prism                Conjuration/Hexes            4
   e - Iskenderun's Mystic Blast      Conjuration                  4
   f - Iskenderun's Battlesphere      Conjuration/Charms           5
 s - a book of Misfortune

   Spells                             Type                      Level
   a - Confusing Touch                Hexes                        2
   b - Confuse                        Hexes                        3
   c - Gell's Gravitas                Hexes/Translocation          3
   d - Petrify                        Transmutation/Earth          4
   e - Metabolic Englaciation         Hexes/Ice                    5
   f - Yara's Violent Unravelling     Hexes/Transmutation          5
Comestibles
 c - 3 bread rations
 o - a slice of pizza
 q - 2 meat rations


   Skills:
 - Level 2.4 Dodging
 - Level 2.4 Stealth
 + Level 6.6 Spellcasting
 * Level 8.3 Conjurations
 + Level 2.7 Charms


You had 6 spell levels left.
You knew the following spells:

 Your Spells              Type           Power        Failure   Level  Hunger
a - Magic Dart            Conj           ####         1%          1    None
b - Dazzling Spray        Conj/Hex       ###...       8%          3    #......
c - Iskenderun's Mystic   Conj           #####...     3%          4    ###....
d - Iskenderun's Battles  Conj/Chrm      ####....     30%         5    #####..


Dungeon Overview and Level Annotations

Branches:
Dungeon (5/15)
 Temple: D:4-7

Altars:
Ashenzari
Cheibriados
Gozag
Nemelex Xobeh
Zin


Message History

Aim: a gnoll sergeant, wieldin' a spear o' venom, wearin' a scale mail an' wearin' a buckler (heavily wounded) Tha magic dart hits tha gnoll sergeant.
Tha gnoll sergeant be heavily wounded.
Ye feel sick.
Yer battlesphere fires!
Tha barrage o' energy hits tha gnoll sergeant.
Tha gnoll sergeant be heavily wounded.
Yer battlesphere 'spends tha last o' its energy an' dissipates.
Tha gnoll sergeant hits ye from afar wit' a spear o' venom!
Ye feel sick.
Ye feel sick.
Ye feel sick.
Ye feel sick.
Ye feel sick.
Ye feel sick.
Ye feel sick.
Ye feel sick.
Thar be a stone staircase leadin' down 'ere.
Tha gnoll sergeant hits ye from afar wit' a spear o' venom!
Ye die...

..........#.##.#.#
.########.#g##.#.#
.#...# #.....#.#.#
.#.#.###..#..#...#
...#......#..#..g#
.........##.†#...#
.............#.#g#
##...........#.#.#
..<.)..........#@#
####.............#
...#.######......#
.#.#.# #.######
.#.#.# #....gg..
##.#.# #########
#.#.# #.#.# #.#.#


You could see a gnoll sergeant and a gnoll.

Vanquished Creatures
  3 ogres
  4 howler monkeys
  A hound (D:4)
  An orc priest (D:3)
  A jelly (D:5)
  A worker ant (D:4)
  A hound skeleton (D:4)
  A worker ant zombie (D:5)
  A gnoll (D:5)
  8 adders
  A shadow imp (D:4)
  An ooze (D:4)
  3 worms
  3 dart slugs
  4 giant geckos
  6 orcs
  2 ball pythons (D:2)
  A giant cockroach (D:1)
  5 goblins
  3 hobgoblins
  7 jackals
  2 bats
  7 giant newts
  6 kobolds
  2 rats
75 creatures vanquished.

Notes
Turn   | Place    | Note
--------------------------------------------------------------
     0 | D:1      | Heedrag the Deep Elf Conjurer began the quest for the Orb.
     0 | D:1      | Reached XP level 1. HP: 10/10 MP: 6/6
   165 | D:1      | Reached XP level 2. HP: 14/15 MP: 4/8
   619 | D:1      | Reached skill level 5 in Conjurations
   779 | D:2      | Reached XP level 3. HP: 19/19 MP: 5/10
   784 | D:2      | Learned a level 3 spell: Dazzling Spray
  1401 | D:2      | Reached XP level 4. HP: 22/24 MP: 10/12
  1512 | D:3      | Learned a level 4 spell: Iskenderun's Mystic Blast
  1606 | D:3      | Found a sparkling altar of Nemelex Xobeh.
  1607 | D:3      | Found an opulent altar of Gozag.
  1672 | D:3      | Reached skill level 6 in Conjurations
  1891 | D:3      | Found a snail-covered altar of Cheibriados.
  2022 | D:3      | Reached XP level 5. HP: 28/28 MP: 12/14
  2155 | D:3      | Found a shattered altar of Ashenzari.
  2344 | D:4      | Found a glowing silver altar of Zin.
  2447 | D:4      | Noticed an ogre
  2457 | D:4      | Killed an ogre
  2457 | D:4      | Reached skill level 5 in Spellcasting
  2457 | D:4      | Reached skill level 7 in Conjurations
  2555 | D:4      | Noticed an ogre
  2571 | D:4      | Reached XP level 6. HP: 27/32 MP: 6/16
  3149 | D:4      | Learned a level 5 spell: Iskenderun's Battlesphere
  3236 | D:4      | Noticed a slave
  3242 | D:4      | Noticed a slave
  3280 | D:5      | Entered Level 5 of the Dungeon
  3286 | D:5      | Reached skill level 8 in Conjurations
  3286 | D:5      | Reached skill level 1 in Charms
  3286 | D:5      | Reached XP level 7. HP: 36/36 MP: 10/18
  3642 | D:5      | Slain by a gnoll sergeant

Skill      XL: |  1  2  3  4  5  6  7 |
---------------+----------------------+-----
Conjurations   | 5 6 7 8 |  8.3
Spellcasting   | 4 5 6 |  6.6
Charms         | 1 2 |  2.7
Dodging        | |  2.4
Stealth        | |  2.4

Action                   |  1- 3 |  4- 6 |  7- 9 || total
-------------------------+-------+-------+-------++-------
Melee: Spear             |     2 |     7 |       ||     9
 Cast: Magic Dart        |    54 |   103 |    35 ||   192
       Dazzling Spray    |       |    13 |     1 ||    14
       Iskenderun's Batt |       |       |     1 ||     1
  Eat: Chunk             |     1 |     6 |     1 ||     8
Armor: Robe              |       |    10 |     1 ||    11
Dodge: Dodged            |     3 |    23 |     8 ||    34
